 Dungeon Crawl Stone Soup version 0.29-a0-653-gd47aff6735 (webtiles) character file.

Game seed: 9005177362087422515

44 ptdevnull the Slasher (level 3, -5/27 HPs)
             Began as a Merfolk Gladiator on June 21, 2022.
             Killed by divine providence
             ... invoked by an orc priest
              (14 damage)
             ... on level 3 of the Dungeon.
             The game lasted 00:02:47 (1736 turns).

ptdevnull the Slasher (Merfolk Gladiator)           Turns: 1736, Time: 00:02:48

Health: -5/27      AC:  5    Str: 14    XL:     3   Next: 60%
Magic:  3/3        EV: 17    Int:  7    God:
Gold:   191        SH:  0    Dex: 17    Spells: 2/2 levels left

rFire   . . .      SeeInvis .   a - +0 long sword
rCold   . . .      Faith    .   (no shield)
rNeg    . . .      Spirit   .   b - +0 leather armour
rPois   .          Reflect  .   c - +0 helmet
rElec   .          Harm     .   (no cloak)
rCorr   .          Rampage  .   (no gloves)
Will    .....                   i - +0 pair of boots
Stlth   +.........              (no amulet)
HPRegen 0.09/turn               f - +4 ring of evasion
MPRegen 0.08/turn               (no ring)

@: no status effects
A: (nimble swimmer 2), mertail
a: no special abilities


You were on level 3 of the Dungeon.
You visited 1 branch of the dungeon, and saw 3 of its levels.

You collected 191 gold pieces.

Inventory:

Hand Weapons
 a - a +0 long sword (weapon)
Missiles
 d - 3 throwing nets (quivered)
 e - a javelin
 v - 2 boomerangs of dispersal
Armour
 b - a +0 leather armour (worn)
 c - a +0 helmet (worn)
 i - a +0 pair of boots (worn)
 p - the +0 robe of Mumblety Peg {rPois}
   (You took it off a kobold on level 2 of the Dungeon)

   rPois:     It protects you from poison.
Jewellery
 f - a +4 ring of evasion (left hand)
 j - a ring of positive energy
Scrolls
 g - a scroll of fog {unknown}
 l - 3 scrolls of identify {unknown}
 o - a scroll of magic mapping {unknown}
 q - a scroll of vulnerability {unknown}
 s - 4 scrolls of noise {unknown}
 u - a scroll of amnesia {unknown}
Potions
 h - 2 potions of attraction {unknown}
 k - 2 potions of brilliance {unknown}
 m - 2 potions of curing {unknown}
 n - a potion of heal wounds {unknown}
 r - 2 potions of berserk rage {unknown}
 t - a potion of degeneration {unknown}


   Skills:
 - Level 2.1 Fighting
 + Level 5.4 Long Blades
 - Level 2.0 Throwing
 - Level 4.0 Dodging


You had 2 spell levels left.
You didn't know any spells.
Your spell library was empty.

Dungeon Overview and Level Annotations

Branches:
Dungeon (3/15)

Altars:
Okawaru

Shops:
D:1 =


Innate Abilities, Weirdness & Mutations

((You are very nimble when in or above water. (Stealth+, EV+, Speed+++)))
Your lower body shifts to a powerful aquatic tail in water.


Message History

m - 2 coppery potions (gained 1)
You see here a +0 spear.
There is an open door here.
You open the door.
There is an open door here.
Found an iron altar of Okawaru. 2 orcs come into view.
Found 10 gold pieces.
An orc priest comes into view. It is wielding a +0 club.
The orc shouts!
The orc priest shouts!
An orc comes into view. It is wielding a +0 short sword.
The orc barely misses you.
An orc comes into view. It is wielding a +0 hand axe.
The orc shouts!
The orc misses you.
You slash the orc!
You kill the orc!
The orc barely misses you. The orc priest closely misses you.
The orc barely misses you.
Things that are here:
a +0 flail; a +0 ring mail; an orc corpse You hit the orc priest.
The orc priest is moderately wounded.
The orc priest misses you. The orc closely misses you.
You closely miss the orc priest.
The orc priest is moderately wounded.
The orc priest invokes the aid of Beogh against you.
Beogh smites you!
Ouch! That really hurt!
You hear a shout!
You closely miss the orc priest.
The orc priest is moderately wounded.
The orc priest misses you. The orc closely misses you.
You barely miss the orc priest.
The orc priest is moderately wounded.
The orc hits you with a +0 short sword.
The orc priest invokes the aid of Beogh against you.
Beogh smites you!
Ouch! That really hurt!
You die...

#. ###.# ##...<###.#
#..........##.#..#...
..#.♣o♣.#.##.#..#.##
#..........#.#.....#
#.♣.♣.♣.♣..#.#.##..#####
#..$._.....#.#.##)[.....
#.♣.♣o♣.♣....#.##.#####.
#.....ooo..#...<#.......
#.#.♣.♣@#...†#..........
#............#..†.......
..###........#..........
##............#.##.......
#####..........##.......
###........##.......
#........##.......
#........##.......
#........########.


You could see an orc priest and 3 orcs.

Vanquished Creatures
  A worm (D:2)
  An orc (D:3)
  4 bats
  4 endoplasms
  4 goblins
  5 hobgoblins
  2 jackals (D:1)
  2 quokkas
  5 ball pythons
  4 frilled lizards
  2 kobolds
  3 rats
37 creatures vanquished.

Notes
Turn   | Place    | Note
-------+----------+-------------------------------------------
     0 | D:1      | ptdevnull the Merfolk Gladiator began the quest for the
                  | Orb.
     0 | D:1      | Reached XP level 1. HP: 16/16 MP: 1/1
   172 | D:1      | Reached skill level 4 in Long Blades
   196 | D:1      | Found Kysegil's Jewellery Shop.
   223 | D:1      | Reached XP level 2. HP: 13/22 MP: 2/2
   573 | D:1      | Found a faded altar of an unknown god.
  1101 | D:2      | Identified the +0 robe of Mumblety Peg {rPois}
  1197 | D:2      | Reached XP level 3. HP: 19/27 MP: 3/3
  1250 | D:2      | Reached skill level 5 in Long Blades
  1717 | D:3      | Found an iron altar of Okawaru.
  1736 | D:3      | Killed from afar by an orc priest

Illustrated notes

Levels and vault maps discovered:
D:1:      doesnt_arrival_eight_statues, layout_rooms,
          dreamdust_ecumenical_altar_angels_and_demons, serial_shops,
          nicolae_shop_hallway_stairs, hangedman_glass_teeth, minivault_24
D:2:      layout_loops_ring
D:3:      layout_basic, okawaru_trees_1, mainiacjoe_overflow_big_doors,
          chequers_serial_rivers_large_a, supply_closet_lemuel,
          hangedman_abyss_or_decor_lesser_grid, minmay_tree_intersection,
          minmay_misc_feat_more_columns, minmay_misc_feat_square,
          chequers_mini_garden, kennysheep_generic_room_11

Skill      XL: |  1  2  3 |
---------------+----------+-----
Long Blades    | 4 5 |  5.4
Fighting       | |  2.1
Throwing       | |  2.0
Dodging        | |  4.0

Action                   || total
-------------------------++-------
Melee: Long sword        ||    99
       Punch             ||     1
 Stab: Distracted        ||     1
Armor: Leather armour    ||    19
Dodge: Dodged            ||   104

Table legend: (Time is in decaauts)
 A = Elapsed time spent in this place.
 B = Non-inter-level travel time spent in this place.
 C = Inter-level travel time spent in this place.
 D = Time resting spent in this place.
 E = Time spent auto-exploring this place.
 F = Levels seen in this place.
 G = Mean time per level.
                   A        B        C        D        E       F      G
               +--------+--------+--------+--------+--------+-----+--------+
         Total |   1743 |   1615 |    128 |    206 |   1108 |   3 |  581.0 |
       Dungeon |   1743 |   1615 |    128 |    206 |   1108 |   3 |  581.0 |
               +--------+--------+--------+--------+--------+-----+--------+

Top non-repeatable levels by time:
     D:1: 837 daAuts
     D:2: 709 daAuts
     D:3: 196 daAuts
